Unix NetHack Version 5.0.0-0 post-release - last build May 31 2026 23:59:36 (970b52f25bf058293b47ddfd14a1e40e571c508c,branch:main).

Game began 2026-06-04 05:29:21, ended 2026-06-04 19:44:11.

FalseGod, neutral female gnomish Wizard

                            ------------------------
                            |..^..............(..@Y|
                            |..-------------------[|
                          ----.|    -----        |.|
                          |).|.--  --...|        |.|
                          |.*..`|--|%.`.|        |.|
                          |%.%..|..|..`.|        |.|
                          --.%..|.....`--        |%|
                           |..)*...|...|   ------|.|
                           |...`|..|...| --|.....|.|
                           |...`---|...| |.+.....|.|
                           |.......|..-- |-|.....|.|
                           ----....|.--  |.+.....+.|
                              ---.--.|   |-|.....|--
                               |.`...|   |.+.....|
                               |>.|..|   --|.....|
                               -------     -------

FalseGod the Thaumaturge  St:10 Dx:15 Co:17 In:19 Wi:11 Ch:9  Neutral
Dlvl:5  $:534 HP:0(66) Pw:1(93) AC:-7 Xp:9 T:11112 

Latest messages:
 The sasquatch turns to flee.
 You hear some noises in the distance.
 The sasquatch turns to flee.
 You see the snake slither under a mummy wrapping.
 The sasquatch misses!
 You stop waiting.
 The sasquatch just misses!
 The sasquatch kicks!
 The sasquatch hits!
 The sasquatch hits again!
 The sasquatch misses!
 What do you want to drop? [$a-km-tv-zA-TW-Z or ?*] ?
 You drop an uncursed scroll of scare monster.
 The sasquatch turns to flee.
 You see the snake slither under a mummy wrapping.
 The sasquatch misses!
 The sasquatch hits!
 The sasquatch misses!
 What do you want to use or apply? [bcn-pstvwyDEG-JOQT or ?*] s
 In what direction? l
 Status of the sasquatch (lawful, large):  Level 8  HP 19(33)  AC 6, scared.
 Are you sure you want to pray? [yn] (n) n
 You don't have enough energy to cast that spell.
 In what direction? l
 The spell misses the sasquatch.
 You feel like a hypocrite.
 The engraving beneath you fades.
 The sasquatch hits!
 The sasquatch hits again!
 The sasquatch kicks!
 Are you sure you want to pray? [yn] (n) y
 You begin praying to Thoth.
 The sasquatch hits!
 The sasquatch misses!
 The sasquatch kicks!
 The sasquatch misses!
 The sasquatch hits!
 The sasquatch kicks!
 The sasquatch hits!
 The sasquatch hits again!
 The sasquatch kicks!
 The sasquatch hits!
 The sasquatch hits again!
 The sasquatch kicks!
 You die...
 Do you want your possessions identified? [ynq] (y) y
 Do you want to see your attributes? [ynq] (y) n
 Do you want an account of creatures vanquished? [ynaq] (y) n
 Do you want to see your conduct and achievements? [ynq] (y) n
 Do you want to see the dungeon overview? [ynq] (y) n

Inventory:
 Coins    ('$')
  $ - 534 gold pieces
 Amulets  ('"')
  M - an uncursed amulet versus poison (being worn)
 Weapons  (')')
  a - a blessed +1 quarterstaff (weapon in hands)
 Armor    ('[')
  R - an uncursed +4 elven leather helm (being worn)
  L - a blessed +2 cloak of magic resistance (being worn)
  S - a blessed greased rotproof +0 silver dragon scale mail (being worn)
 Comestibles  ('%')
  P - an uncursed partly eaten food ration
  W - 5 uncursed food rations
  F - an uncursed tripe ration
 Scrolls  ('?')
  z - 2 uncursed scrolls of confuse monster
  Y - an uncursed scroll of create monster
  g - an uncursed scroll of earth
  B - an uncursed scroll of enchant weapon
  X - an uncursed scroll of fire
  k - an uncursed scroll of food detection
  i - an uncursed scroll of gold detection
  h - an uncursed scroll of identify
  j - 3 uncursed scrolls of remove curse
  r - an uncursed scroll of teleportation
  Z - an uncursed scroll of teleportation
 Potions  ('!')
  N - an uncursed potion of invisibility
 Rings    ('=')
  f - a blessed +2 ring of increase accuracy (on left hand)
  x - an uncursed ring of invisibility
  m - an uncursed ring of levitation
  e - an uncursed ring of polymorph
  K - a cursed ring of polymorph
  C - an uncursed ring of polymorph control
  d - an uncursed ring of searching
  A - an uncursed ring of warning
 Wands    ('/')
  T - a wand of fire (0:1)
  y - a wand of locking (0:7)
  c - a wand of sleep (0:4)
  J - a cursed wand of sleep (0:7)
  I - a wand of slow monster (0:4)
  t - a wand of speed monster (0:3)
  H - a wand of stasis (0:3)
  Q - a wand of teleportation (0:6)
  O - a wand of wishing (0:0)
 Tools    ('(')
  E - an uncursed oilskin sack containing 7 items
  b - an uncursed blindfold
  G - an expensive camera (0:89)
  n - a magic marker (0:19)
  w - an uncursed magic whistle
  p - a +0 pick-axe (alternate weapon; not wielded)
  o - an uncursed skeleton key
  s - an uncursed stethoscope
  v - a +0 unicorn horn
  D - a +0 unicorn horn

Contents of the oilskin sack:
  a cursed scroll of light
  a cursed scroll of magic mapping
  an uncursed ring of teleport control
  a wand of magic missile named orctown worn out (0:0)
  a wand of striking (0:0)
  an expensive camera (0:89)
  an uncursed oil lamp

FalseGod the Wizard's attributes:

Background:
 You were a Thaumaturge, a level 9 female gnomish Wizard.
 You were neutral, on a mission for Thoth
 who was opposed by Ptah (lawful) and Anhur (chaotic).
 You were right-handed.
 You were in Sokoban, on level 5.
 You entered the dungeon 11112 turns ago.
 You had 3294 experience points, 1826 more were needed to attain level 10.

Basics:
 You had 0 out of 66 hit points.
 You had 1 out of 93 energy points (spell power).
 Your armor class was -7.
 Your wallet contained 534 zorkmids.
 Autopickup was off.

Final Characteristics:
 Your strength was 10 (limit:18/50).
 Your dexterity was 15 (limit:18).
 Your constitution was 17 (limit:18).
 Your intelligence was 19 (limit:19).
 Your wisdom was 11 (limit:18).
 Your charisma was 9 (limit:18).

Final Status:
 You weren't hungry.
 You were unencumbered.
 You were wielding a quarterstaff.
 You had basic skill with quarterstaff and could have enhanced that.

Final Attributes:
 You were piously aligned.
 You were magic-protected.
 You were poison resistant.
 You were telepathic.
 You had infravision.
 You had a small bonus to hit (+2).
 You were warded.
 You had reflection.
 You were unlucky.
 You are dead.

Miscellaneous:
 You didn't encounter any bones levels.
 Total elapsed playing time was 3 hours, 46 minutes and 19 seconds.

Major events:
 Turn
    1: FalseGod the neutral female gnomish Wizard entered the dungeon
 1057: attained the rank of Conjurer (level 3)
 2840: entered the Gnomish Mines
 3487: reached Mine Town
 4111: attained the rank of Thaumaturge (level 6)
 8167: entered Sokoban
 8741: made her first wish - "blessed greased fixed silver dragon scale mail", got "a greased silver dragon scale mail"
 8952: completed 1st Sokoban level
 9499: completed 2nd Sokoban level
 9931: completed 3rd Sokoban level
10887: completed 4th Sokoban level
11112: killed by a sasquatch, while praying

Spells:
 Name                 Level Category     Fail Retention
 force bolt             1   attack         0%   41%-45%
 magic missile          2   attack         0%   41%-45%
 detect monsters        1   divination     0%   26%-50%
 healing                1   healing        0%   26%-50%
 cone of cold           4   attack         0%   56%-60%
 cause fear             3   enchantment    0%   81%-90%
 detect treasure        4   divination    85%  76%-100%

Skills:
 Fighting Skills
   bare handed combat [Unskilled]
   riding             [Unskilled]
 Weapon Skills
   dagger             [Basic]
   knife              [Unskilled]
   axe                [Unskilled]
   short sword        [Unskilled]
   club               [Unskilled]
   mace               [Unskilled]
   quarterstaff       [Basic]
   polearms           [Unskilled]
   spear              [Unskilled]
   trident            [Unskilled]
   sling              [Unskilled]
   dart               [Unskilled]
   shuriken           [Unskilled]
 Spellcasting Skills
   attack spells      [Skilled]
   healing spells     [Unskilled]
   divination spells  [Unskilled]
   enchantment spells [Basic]
   clerical spells    [Unskilled]
   escape spells      [Unskilled]
   matter spells      [Unskilled]

Voluntary challenges:
 Character rerolling was not enabled.
 You never genocided any monsters.
 You never polymorphed an object.
 You never changed form.
 You used 1 wish.
 You did not wish for any artifacts.
 You violated the special Sokoban rules 5 times.
Achievements:
 You entered a shop.
 You attained the rank of Conjurer.
 You entered the Gnomish Mines.
 You entered Minetown.
 You attained the rank of Thaumaturge.
 You entered Sokoban.

 The Dungeons of Doom: levels 1 to 9
    Level 1:
       An altar to Thoth.
    Level 2:
       A fountain.
       Stairs down to The Gnomish Mines.
    Level 3: "shop + vault"
       A tool shop, a fountain.
    Level 4: "spellbook chest + pickaxe dwarf"
       A fountain.
    Level 5:
       A fountain.
    Level 6:
       An altar to Thoth, a fountain.
    Level 7: "vault"
       A fountain.
    Level 8:
       Many fountains.
    Level 9:
       Stairs up to Sokoban, level 8.
 The Gnomish Mines: levels 3 to 7
    Level 3: "mm spbk"
    Level 4: "cone of cold book + pickaxe"
    Level 5:
    Level 6:
       A fountain.
    Level 7:
 Sokoban: levels 8 up to 5
    Level 5: <- You were here.
       Solved.
       Final resting place for
          you, killed by a sasquatch, while praying.
    Level 6:
       Solved.
    Level 7:
       Solved.
    Level 8:
       Solved.


Vanquished creatures:
  2 giant mimics
 an elven monarch
  a giant mummy
  a xan
  a troll
  a sasquatch
  2 freezing spheres
  a large cat
 an ochre jelly
  a human mummy
  a cobra
  a leather golem
  5 Grey-elves
  a crocodile
  a giant beetle
  2 quivering blobs
  2 cockatrices
  3 wolves
  4 orc-captains
 an iron piercer
  2 scorpions
  a horse
  a vampire bat
  a dwarf mummy
  a Green-elf
  2 dwarf leaders
  a white unicorn
  a black unicorn
  a raven
  2 gnome mummies
  2 snakes
 an ape
  a human zombie
  4 fire ants
  3 bugbears
  a wood nymph
  a mountain nymph
  a Mordor orc
  2 Uruk-hai
  5 orc shamans
  a rock mole
  a yellow light
  2 shriekers
  a gnome leader
  a gnomish wizard
  2 gray oozes
  a ghoul
  a straw golem
  5 giant ants
  6 floating eyes
  a kitten
  3 dwarves
  4 homunculi
  a kobold leader
  a kobold shaman
 26 hill orcs
  2 rothes
  3 rabid rats
  a giant bat
  2 monkeys
  2 orc zombies
  a dwarf zombie
  a wererat
  2 werejackals
  6 iguanas
  4 acid blobs
  3 coyotes
  2 gas spores
  2 manes
  a large kobold
  3 hobgoblins
  3 giant rats
  6 cave spiders
  2 brown molds
  3 yellow molds
  2 green molds
  a red mold
  5 gnomes
  2 gnome zombies
  4 geckos
  9 jackals
  2 foxes
 10 goblins
  6 sewer rats
  4 grid bugs
  8 lichens
  5 newts
231 creatures vanquished.

No species were genocided or became extinct.

Game over:
                       ----------
                      /          \
                     /    REST    \
                    /      IN      \
                   /     PEACE      \
                  /                  \
                  |     FalseGod     |
                  |      534 Au      |
                  |   killed by a    |
                  |    sasquatch     |
                  |                  |
                  |                  |
                  |       2026       |
                 *|     *  *  *      | *
        _________)/\\_//(\/(/\)/\//\/|_)_______

Goodbye FalseGod the Wizard...

You died in Sokoban on dungeon level 5 with 14097 points,
and 534 pieces of gold, after 11112 moves.
You were level 9 with a maximum of 66 hit points when you died.

